 Dungeon Crawl Stone Soup version 0.30.1-9-gdf580d7c3d (webtiles) character file.

Game seed: 9362608976097600655

84 jagang the Shooter (level 4, 0/34 HPs)
             Began as a Human Hunter on Sept 29, 2023.
             Slain by a rat (2 damage)
             ... on level 3 of the Dungeon.
             The game lasted 00:03:47 (1404 turns).

jagang the Shooter (Human Hunter)                   Turns: 1404, Time: 00:03:47

Health: 0/34       AC:  3    Str: 11    XL:     4   Next: 74%
Magic:  4/4        EV: 12    Int:  9    God:
Gold:   106        SH:  0    Dex: 19    Spells: 3/3 levels left

rFire   . . .        k - +0 short sword
rCold   . . .        (no shield)
rNeg    . . .        c - +0 leather armour
rPois   +            (helmet restricted)
rElec   .            (no cloak)
rCorr   .            (no gloves)
SInv    .            (no boots)
Will    .....        h - amulet of the acrobat
Stlth   ++           g - ring of poison resistance
HPRegen 0.25/turn    (no ring)
MPRegen 0.09/turn

%: acrobat
@: no status effects
A: horns 1, wild magic 1
a: no special abilities


You were on level 3 of the Dungeon.
You visited 1 branch of the dungeon, and saw 3 of its levels.

You collected 106 gold pieces.

Inventory:

Hand Weapons
 a - a +0 shortbow
 f - a +0 dagger
 k - a +0 short sword (weapon)
Armour
 c - a +0 leather armour (worn)
Jewellery
 g - a ring of poison resistance (left hand)
 h - an amulet of the acrobat (around neck)
Scrolls
 b - a scroll of immolation
 e - a scroll of identify {unknown}
 i - 3 scrolls of vulnerability {unknown}
Potions
 j - a potion of magic {unknown}
 l - a potion of flight {unknown}
 m - a potion of haste {unknown}


   Skills:
 + Level 2.7 Fighting
 * Level 2.2 Long Blades
 - Level 4.0 Ranged Weapons
 + Level 1.4 Armour
 + Level 2.6 Dodging
 - Level 1.0 Stealth


You had 3 spell levels left.
You didn't know any spells.
Your spell library contained the following spells:

 Spells                   Type           Power      Damage    Failure   Level
 Magic Dart               Conj           0%         1d3       56%         1
 Call Imp                 Summ           0%         N/A       71%         2
 Mephitic Cloud           Conj/Pois/Air  0%         N/A       89%         3
 Vhi's Electric Charge    Tloc/Air       0%         N/A       89%         3
 Arcjolt                  Conj/Air       0%         1d10      100%        5
 Plasma Beam              Fire/Air       0%         2x1d11    100%        6


Dungeon Overview and Level Annotations

Branches:
Dungeon (3/15)

Altars:

Shops:
D:2 (


Innate Abilities, Weirdness & Mutations

You have a pair of small horns on your head.
Your spells are a little harder to cast, but a little more powerful.


Message History

The adder is heavily wounded.
The kobold hits you but does no damage. The endoplasm freezes you.
You are frozen.
* * * LOW HITPOINT WARNING * * *
The rat completely misses you. The adder closely misses you.
You closely miss the adder.
The adder is heavily wounded.
The kobold hits you but does no damage.
The endoplasm hits you but does no damage.
The rat misses you. The adder bites you.
* * * LOW HITPOINT WARNING * * *
You hit the adder.
The adder is severely wounded.
The adder closely misses you. The kobold hits you but does no damage.
The endoplasm barely misses you. The rat bites you.
* * * LOW HITPOINT WARNING * * *
You barely miss the adder.
The adder is severely wounded.
The adder bites you but does no damage. The kobold barely misses you.
The endoplasm closely misses you. The rat bites you but does no damage.
You hit the adder.
You kill the adder!
The kobold closely misses you. The endoplasm freezes you.
You are frozen.
* * * LOW HITPOINT WARNING * * *
Unknown command.
You hit the rat.
You kill the rat!
The endoplasm barely misses you.
Okay, then.
It was a potion of mutation.
You feel extremely strange.
You feel less in control of your magic. A pair of horns grows on your head!
The kobold hits you with a +0 dagger.
* * * LOW HITPOINT WARNING * * *
The endoplasm barely misses you. The rat bites you but does no damage.
The endoplasm attacks as you move away! The endoplasm closely misses you.
The rat attacks as you move away! The rat bites you.
You die...

##.....
......#
#.....#
......#
##.....#
......#..
######Kr......
#....†@JK$....
#.#.#####.....
... #


You could see an endoplasm, 2 kobolds and a rat.

Vanquished Creatures
  2 adders
  3 dart slugs
  3 bats
  9 endoplasms
  4 giant cockroaches
  3 goblins
  6 hobgoblins
  4 jackals (D:2)
  8 kobolds
  2 quokkas (D:1)
  2 ball pythons
  A frilled lizard (D:2)
  6 rats
53 creatures vanquished.

Notes
Turn   | Place    | Note
-------+----------+-------------------------------------------
     0 | D:1      | jagang the Human Hunter began the quest for the Orb.
     0 | D:1      | Reached XP level 1. HP: 16/16 MP: 1/1
    53 | D:1      | Reached XP level 2. HP: 22/22 MP: 2/2
   136 | D:1      | Reached skill level 1 in Long Blades
   299 | D:1      | Reached XP level 3. HP: 23/27 MP: 3/3
   428 | D:1      | Found a faded altar of an unknown god.
   436 | D:1      | Reached skill level 1 in Armour
   942 | D:2      | Reached XP level 4. HP: 31/34 MP: 4/4
  1218 | D:2      | Found Vyamemaute's Antique Weapon Shop.
  1403 | D:3      | Gained mutation: Your spells are a little harder to cast,
                  | but a little more powerful. [potion of mutation]
  1403 | D:3      | Gained mutation: You have a pair of small horns on your
                  | head. [potion of mutation]
  1404 | D:3      | Slain by a rat

Illustrated notes

Levels and vault maps discovered:
D:1:      eino_arrival_water_star, layout_rooms, chequers_ecumenical_altar_lobes
D:2:      layout_loops_ring, serial_shops, shop
D:3:      cheibrodos_greedy_goblins, layout_basic, minmay_misc_feat_rows,
          uniq_natasha, uniq_ijyb, uniq_sigmund

Skill      XL: |  1  2  3  4 |
---------------+-------------+-----
Long Blades    | 1 2 |  2.2
Armour         | 1 |  1.4
Fighting       | |  2.7
Ranged Weapons | |  4.0
Dodging        | |  2.6
Stealth        | |  1.0

Action                     |  1- 3 |  4- 6 || total
---------------------------+-------+-------++-------
  Melee: Short sword       |       |     6 ||     6
   Fire: Shortbow          |   117 |    34 ||   151
    Use: Potion            |       |     1 ||     1
 Armour: Leather armour    |    12 |    18 ||    30
  Dodge: Dodged            |    51 |    32 ||    83
